 Dungeon Crawl Stone Soup version 0.21.1-1-g345015f (webtiles) character file.

294 Kairos the Shield-Bearer (level 6, -4/48 HPs)
             Began as a Human Fighter on Mar 28, 2018.
             Slain by an orc warrior
             ... wielding a +0 mace
              (12 damage)
             ... on level 3 of the Dungeon.
             The game lasted 00:09:07 (3430 turns).

Kairos the Shield-Bearer (Human Fighter)            Turns: 3430, Time: 00:09:08

Health: -4/48      AC: 10    Str: 16    XL:     6   Next: 60%
Magic:  6/6        EV:  5    Int:  9    God:
Gold:   185        SH:  9    Dex: 14    Spells: 5/5 levels left

rFire    . . .     SeeInvis +   a - +0 flail
rCold    . . .     Gourm    .   c - +0 shield
rNeg     . . .     Faith    .   s - +0 chain mail
rPois    +         Spirit   .   p - +0 helmet
rElec    .         Reflect  .   (no cloak)
rCorr    .         Harm     .   (no gloves)
MR       .....                  (no boots)
Stlth    ..........             o - amulet of regeneration
HPRegen  0.56/turn              i - ring of see invisible
MPRegen  0.10/turn              m - ring of poison resistance

@: no status effects
A: no striking features
a: no special abilities


You were on level 3 of the Dungeon.
You were very hungry.

You visited 1 branch of the dungeon, and saw 4 of its levels.

You collected 185 gold pieces.

Inventory:

Hand Weapons
 a - a +0 flail (weapon)
 B - a +0 war axe
Armour
 b - a +0 scale mail
 c - a +0 shield (worn)
 p - a +0 helmet (worn)
 s - a +0 chain mail (worn)
 C - a +0 chain mail
Jewellery
 i - a ring of see invisible (left hand)
 m - a ring of poison resistance (right hand)
 n - an uncursed ring of wizardry
 o - an amulet of regeneration (around neck)
 A - an uncursed ring of protection from fire
Wands
 v - a wand of flame (27)
 y - a wand of acid (9)
Scrolls
 k - 3 scrolls of enchant armour
 l - 2 scrolls of remove curse
 r - 2 scrolls of teleportation
 w - a scroll of fog
 x - a scroll of amnesia
Potions
 d - 4 potions of might
 e - a potion of curing {unknown}
 g - a potion of invisibility
 h - a potion of degeneration {unknown}
 j - a potion of lignification {unknown}
 q - 2 potions of brilliance {unknown}
 t - 2 potions of ambrosia {unknown}
 z - a potion of resistance {unknown}
Books
 u - a book of Changes

   Spells                             Type                      Level
   a - Beastly Appendage              Transmutation                1
   b - Sticks to Snakes               Transmutation                2
   c - Spider Form                    Transmutation/Poison         3
   d - Ice Form                       Ice/Transmutation            4
   e - Blade Hands                    Transmutation                5
Comestibles
 f - 5 rations


   Skills:
 + Level 3.7 Fighting
 + Level 4.0 Maces & Flails
 + Level 4.0 Armour
 + Level 1.2 Dodging
 + Level 0.6 Stealth
 + Level 4.2 Shields


You had 5 spell levels left.
You didn't know any spells.

Dungeon Overview and Level Annotations

Branches:
Dungeon (4/15)
 Temple: D:4-7

Altars:
Elyvilon


Message History

You hit the orc warrior.
The orc warrior is heavily wounded.
You block the orc warrior's attack.
You completely miss the orc warrior.
The orc warrior is heavily wounded.
The orc warrior barely misses you.
You hit the orc warrior.
The orc warrior is severely wounded.
The orc warrior hits you with a mace!
You closely miss the orc warrior.
The orc warrior is severely wounded.
You block the orc warrior's attack.
You hit the orc warrior but do no damage.
The orc warrior is severely wounded.
The orc warrior hits you with a mace!
* * * LOW HITPOINT WARNING * * *
You hit the orc warrior but do no damage.
The orc warrior is severely wounded.
The orc warrior hits you with a mace!
You die...

######### ##############
#####.......#
#............#####.......###.#
#..#..#.####.##.##.###.#.# #.#
#..#..#.# #.#...#.# #.#.# #.#
#..#..#.# #.......# #.#.###.#
#..#..#.# #.#.o.#.# #.......#
#.......# #...@...# ###.#####
##.#..### ####.#### #.#####
#.#).# #.# #.....# #....# ##'##
#####.# ###.## ##...## #(# #.##
##.....## ####.# ####..##
##.......## ##.##.#
#......####.........####...#.###
#.#.......'.........'...........


You could see an orc warrior.

Vanquished Creatures
  An iguana (D:4)
  A worker ant (D:4)
  8 adders
  5 gnolls
  2 dart slugs (D:1)
  2 leopard geckos (D:1)
  17 orcs
  3 ball pythons
  8 bats
  5 giant cockroaches
  14 goblins
  5 hobgoblins
  6 jackals (D:2)
  2 quokkas (D:2)
  6 frilled lizards
  9 kobolds
  8 rats
102 creatures vanquished.

Notes
Turn   | Place    | Note
-------+----------+-------------------------------------------
     0 | D:1      | Kairos the Human Fighter began the quest for the Orb.
     0 | D:1      | Reached XP level 1. HP: 18/18 MP: 1/1
    93 | D:1      | Reached XP level 2. HP: 21/24 MP: 2/2
   334 | D:1      | Reached XP level 3. HP: 29/29 MP: 3/3
   634 | D:2      | Reached XP level 4. HP: 14/35 MP: 4/4
  1396 | D:2      | Reached XP level 5. HP: 41/41 MP: 5/5
  1559 | D:2      | Found a white marble altar of Elyvilon.
  2753 | D:4      | Reached XP level 6. HP: 46/47 MP: 6/6
  2793 | D:4      | Reached skill level 1 in Dodging
  3096 | D:4      | Noticed an orc warrior
  3102 | D:4      | Noticed a phantom
  3119 | D:4      | HP: 2/48 [orc wizard/magic dart (10)]
  3131 | D:4      | HP: 2/48 [orc wizard/magic dart (8)]
  3430 | D:3      | Slain by an orc warrior

Skill      XL: |  1  2  3  4  5  6 |
---------------+-------------------+-----
Maces & Flails | 3 4 |  4.0
Dodging        | 1 |  1.2
Shields        | 4 |  4.2
Armour         | 4 |  4.0
Fighting       | |  3.7
Stealth        | |  0.6

Action                   |  1- 3 |  4- 6 || total
-------------------------+-------+-------++-------
Melee: Flail             |    91 |   382 ||   473
  Use: Scroll            |       |     5 ||     5
       Potion            |       |     1 ||     1
  Eat: Chunk             |       |     8 ||     8
Armor: Scale mail        |    46 |   175 ||   221
       Chain mail        |       |    10 ||    10
Dodge: Dodged            |    28 |   124 ||   152
Block: Shield            |    41 |   234 ||   275
